 Dungeon Crawl Stone Soup version 0.19-a0-994-g3c636f0 (webtiles) character file.

4893 Geppetto the Carver (level 10, -5/61 HPs)
             Began as a Tengu Fighter on July 15, 2016.
             Was a Priest of Okawaru.
             Slain by an orc wizard
             ... wielding a +1 dagger of electrocution
              (17 damage)
             ... on level 8 of the Dungeon.
             The game lasted 00:32:47 (11855 turns).

Geppetto the Carver (Tengu Fighter)                Turns: 11855, Time: 00:32:49

Health: -5/61      AC:  7    Str: 17    XL:     10   Next: 51%
Magic:  23/23      EV: 13    Int:  9    God:    Okawaru [***...]
Gold:   386        SH: 10    Dex: 16    Spells: 0 memorised, 9 levels left

rFire  + . .     SeeInvis .     a - +2 long sword
rCold  . . .     Gourm    .     h - +0 ring mail {rF+}
rNeg   . . .     Faith    .     c - +0 shield
rPois  .         Spirit   .     (helmet restricted)
rElec  .         Dismiss  .     H - +0 cloak
rCorr  .         Reflect  .     (no gloves)
SustAt .         Harm     .     (boots unavailable)
MR     .....                    m - amulet of rage
Stlth  +.........               (no ring)
                                q - ring of magical power

@: not resistant to hostile enchantments, very unstealthy
A: beak, talons 3, able to fly 1
a: Fly, Heroism, Renounce Religion, Evoke Berserk Rage


You were on level 8 of the Dungeon.
You worshipped Okawaru.
Okawaru was most pleased with you.
You were very hungry.

You visited 1 branch of the dungeon, and saw 9 of its levels.

You collected 386 gold pieces.

Inventory:

Hand Weapons
 a - a +2 long sword (weapon)
 C - the +10 hand axe "Xietenull" {freeze, rPois rC- Str+5 Dex+2}
   (You found it on level 7 of the Dungeon)

   It has been specially enchanted to freeze those struck by it, causing extra
   injury to most foes and up to half again as much damage against particularly
   susceptible opponents.
   It can also slow down cold-blooded creatures.
   It affects your strength (+5).
   It affects your dexterity (+2).
   It makes you vulnerable to cold.
   It protects you from poison.
Armour
 b - a +0 scale mail
 c - a +0 shield (worn)
 h - a +0 ring mail of fire resistance (worn)
 H - a +0 cloak (worn)
Jewellery
 m - an amulet of rage (around neck)
 q - a ring of magical power (left hand)
Wands
 i - a wand of paralysis (13/24)
 k - a wand of teleportation (1/9)
 p - a wand of flame (13/48)
 v - a wand of random effects (34/48)
 w - a wand of iceblast (9/15)
 y - a wand of iceblast (10/15)
 A - a wand of flame (23/48)
Scrolls
 d - 2 scrolls of teleportation
 r - a scroll of recharging
 s - a scroll of remove curse
 t - a scroll of immolation {unknown}
 z - a scroll of enchant weapon
 B - 2 scrolls of noise {unknown}
 G - a scroll of identify
Potions
 e - 2 potions of invisibility
 g - 2 potions of might
 l - 2 potions of lignification
 n - a potion of resistance
 o - 2 potions of ambrosia
 u - a potion of cure mutation
 x - a potion of curing
 D - a potion of brilliance
Books
 j - a book of Minor Magic

   Spells                             Type                      Level
   a - Magic Dart                     Conjuration                  1
   b - Blink                          Translocation                2
   c - Call Imp                       Summoning                    2
   d - Repel Missiles                 Charms/Air                   2
   e - Slow                           Hexes                        2
   f - Conjure Flame                  Conjuration/Fire             3
   g - Mephitic Cloud                 Conjuration/Poison/Air       3
Comestibles
 f - 7 bread rations
 E - 2 beef jerkies


   Skills:
 * Level 6.5 Fighting
 - Level 9.3 Long Blades
 - Level 7.1 Armour
 - Level 6.9 Dodging
 + Level 5.3 Shields
 - Level 5.1 Invocations


You had 9 spell levels left.
You didn't know any spells.

Dungeon Overview and Level Annotations

Branches:
Dungeon (9/15)             Temple (0/1) D:4            Lair (0/6) D:8
    Orc: D:9-12

Altars:
Ashenzari
Dithmenos
Elyvilon
Gozag
Hepliaklqana
Kikubaaqudgha
Makhleb
Nemelex Xobeh
Okawaru
Qazlal
Ru
Trog
Uskayaw
Vehumet
Zin
The Shining One


Innate Abilities, Weirdness & Mutations

You have a beak for a mouth.
You have claws for feet.
You can fly.


Message History

a war axe; a dagger; a robe
There is an open door here.
You start resting.
There is a strange disturbance nearby!
You miss something. You claw something. Something hits you.
You miss something. You claw something. Something hits you but does no damage.
You hit something. Your kick misses something. Something hits you.
You are electrocuted!
You hit something.
You hear some strange, mumbled words.
Something tries to affect you, but you resist.
You miss something. Your kick misses something.
Something hits you but does no damage.
You are electrocuted!
You completely miss something. Something hits you but does no damage.
You are electrocuted!
* * * LOW HITPOINT WARNING * * *
You hit something but do no damage. You peck something. Something hits you.
* * * LOW HITPOINT WARNING * * *
You are electrocuted!
You die...

#.#####...#+##...........#
#.# #.....##.....#......
#.#####.....##............
#...........)........o....
###.........#.........o...
#.........#.............
#......##.#.............
######.....{##.#........#....
#....'......@..#........#....
##.###......####..)..........
#.##.....)##................
#..........'.<...#..........
####......##.....#.#.##.....
#......##.....+.#........
#....(.##.....###..##.###
#....(.''.....'.).....# #
######...))##.....###########


There were no monsters in sight!

Vanquished Creatures
  Maurice (D:8)
  Sigmund (D:4)
  A hungry ghost (D:8)
  A water moccasin (D:8)
  6 orc warriors
  An ice beast (D:8)
  2 sky beasts
  A black bear (D:7)
  3 phantoms
  2 centaurs
  5 ogres
  A big kobold (D:8)
  2 giant frogs
  3 scorpions
  The ghost of anele the Skirmisher, a weakling DsMo (D:3)
  3 wights (D:9)
  5 howler monkeys
  A centaur zombie (D:8)
  A crimson imp (D:4)
  3 hounds
  2 jellies
  2 giant frog zombies
  8 orc priests
  A giant frog skeleton (D:7)
  11 orc wizards
  Jessica (D:2)
  A centaur skeleton (D:5)
  4 iguanas
  Terence (D:3)
  11 worker ants
  2 sheep (D:7)
  2 hound zombies
  2 hound skeletons
  10 adders
  9 gnolls
  A shadow imp (D:7)
  An ooze (D:2)
  2 adder skeletons (D:5)
  A worm (D:4)
  3 giant geckos
  37 orcs
  13 bats
  4 giant cockroaches
  8 hobgoblins
  11 jackals
  6 quokkas
  A ball python skeleton (D:4)
  A giant gecko zombie (D:8)
  7 giant newts
  7 goblins
  14 kobolds
  8 rats
236 creatures vanquished.

Notes
Turn   | Place    | Note
-------+----------+-------------------------------------------
     0 | D:1      | Geppetto the Tengu Fighter began the quest for the Orb.
     0 | D:1      | Reached XP level 1. HP: 14/14 MP: 2/2
   296 | D:1      | Reached XP level 2. HP: 19/19 MP: 3/3
   646 | D:2      | Reached XP level 3. HP: 23/23 MP: 4/4
   721 | D:2      | Found an iron altar of Okawaru.
   725 | D:2      | Became a worshipper of Warmaster Okawaru
   733 | D:2      | Found a shadowy altar of Dithmenos.
   736 | D:2      | Found a glowing golden altar of the Shining One.
   739 | D:2      | Found a glowing silver altar of Zin.
   826 | D:2      | Reached skill level 3 in Long Blades
  1180 | D:2      | Noticed Terence
  1343 | D:2      | Noticed Jessica
  1356 | D:2      | Killed Jessica
  1356 | D:2      | Reached XP level 4. HP: 25/28 MP: 5/5
  1402 | D:2      | Found a glowing golden altar of the Shining One.
  1761 | D:3      | Noticed anele's ghost (weakling DsMo)
  1765 | D:3      | Killed Terence
  1769 | D:3      | Killed anele's ghost
  1769 | D:3      | Reached skill level 4 in Long Blades
  1769 | D:3      | Gained mutation: You can fly. [Tengu growth]
  1769 | D:3      | Reached XP level 5. HP: 14/33 MP: 6/6
  2337 | D:3      | Reached XP level 6. HP: 32/38 MP: 7/7
  2554 | D:3      | Reached skill level 5 in Long Blades
  2693 | D:3      | Found a sparkling altar of Nemelex Xobeh.
  3404 | D:4      | Noticed a phantom
  3445 | D:4      | Killed a phantom
  3445 | D:4      | Reached XP level 7. HP: 28/44 MP: 8/8
  3689 | D:4      | Noticed Sigmund
  3719 | D:4      | Killed Sigmund
  3719 | D:4      | Reached * piety under Okawaru
  3719 | D:4      | Reached skill level 6 in Long Blades
  3719 | D:4      | Reached skill level 5 in Shields
  3955 | D:4      | Reached skill level 1 in Invocations
  4050 | D:4      | Found a staircase to the Ecumenical Temple.
  4331 | D:4      | Reached XP level 8. HP: 36/48 MP: 10/10
  5012 | D:4      | Reached skill level 7 in Long Blades
  5193 | D:4      | Found a burning altar of Makhleb.
  5193 | D:4      | Found a radiant altar of Vehumet.
  5268 | D:5      | Entered Level 5 of the Dungeon
  6337 | D:5      | Found a hazy altar of Hepliaklqana.
  7209 | D:6      | Reached skill level 5 in Invocations
  7476 | D:6      | You fall through a shaft for 3 floors!
  7483 | D:9      | Found a sacrificial altar of Ru.
  7492 | D:9      | Reached skill level 5 in Fighting
  7566 | D:9      | Reached ** piety under Okawaru
  7566 | D:9      | Reached skill level 8 in Long Blades
  7726 | D:9      | Reached XP level 9. HP: 54/54 MP: 13/13
  7830 | D:8      | Found a staircase to the Lair.
  7869 | D:7      | HP: 1/54 [hound (3)]
  8729 | D:7      | Reached skill level 9 in Long Blades
  9173 | D:7      | Reached skill level 1 in Dodging
  9301 | D:7      | Found a bloodstained altar of Trog.
  9763 | D:7      | Got an ichor-stained hand axe
  9764 | D:7      | Identified the +10 hand axe "Xietenull" {freeze, rPois rC- Str+5 Dex+2} (You found it on level 7 of the Dungeon)
  9812 | D:7      | Reached skill level 5 in Dodging
 10261 | D:8      | Noticed Maurice
 10282 | D:8      | Killed Maurice
 10282 | D:8      | Reached *** piety under Okawaru
 10532 | D:8      | Reached XP level 10. HP: 45/60 MP: 14/14
 10684 | D:8      | Reached skill level 5 in Armour
 11097 | D:8      | Found a hide-covered altar of Uskayaw.
 11098 | D:8      | Found an ancient bone altar of Kikubaaqudgha.
 11099 | D:8      | Found a shattered altar of Ashenzari.
 11101 | D:8      | Found a stormy altar of Qazlal.
 11101 | D:8      | Found an opulent altar of Gozag.
 11103 | D:8      | Found a white marble altar of Elyvilon.
 11855 | D:8      | Slain by an orc wizard

Vault maps used:
D:1:      dpeg_arrival_three_same_balls
D:2:      grunt_temple_overflow_cloverleaf, first_bread, tso_altar,
          uniq_jessica, uniq_terence
D:3:      lemuel_doored_altar, serial_park_tiny_2
D:4:      grunt_temple_overflow_lords_of_destruction, serial_bayou_pond_b,
          uniq_sigmund
D:5:      overflow_temple_1_default
D:7:      trog_butcher_becter
D:8:      grunt_temple_overflow_open, lair_0_dummy, special_room,
          enter_ossuary_5, uniq_maurice
D:9:      nicolae_ru_great_annihilating_truth, orc_0_dummy

Skill      XL: |  1  2  3  4  5  6  7  8  9 10 |
---------------+-------------------------------+-----
Long Blades    | 3 4 5 6 8 9 |  9.3
Shields        | 4 5 |  5.3
Fighting       | 4 5 6 |  6.5
Invocations    | 2 5 |  5.1
Dodging        | 6 |  6.9
Armour         | 7 |  7.1

Action                   |  1- 3 |  4- 6 |  7- 9 | 10-12 || total
-------------------------+-------+-------+-------+-------++-------
Melee: Long sword        |   114 |   144 |   505 |   163 ||   926
       Kick              |    22 |    43 |   158 |    56 ||   279
       Peck              |    12 |    22 |   106 |    35 ||   175
Invok: Heroism           |       |       |    12 |     6 ||    18
 Abil: Evoke Berserk Rag |       |     1 |     3 |     2 ||     6
       Fly               |       |       |     8 |       ||     8
Evoke: Wand              |       |       |       |     1 ||     1
  Use: Scroll            |     5 |     2 |    10 |     1 ||    18
       Potion            |       |     3 |     1 |       ||     4
 Stab: Invisible         |       |     1 |       |       ||     1
  Eat: Chunk             |     1 |     8 |    23 |     7 ||    39
       Pizza             |       |       |     1 |       ||     1
       Beef jerky        |       |       |     1 |       ||     1
Armor: Scale mail        |    49 |    53 |    46 |       ||   148
       Ring mail         |       |       |    50 |    16 ||    66
Dodge: Dodged            |    33 |    31 |   102 |    51 ||   217
Block: Shield            |    43 |    62 |   167 |    52 ||   324
